 Dungeon Crawl Stone Soup version 0.21.1-1-g345015f (webtiles) character file.

31 Kairos the Covered (level 3, 16/33 HPs)
             Began as a Deep Dwarf Fighter on Apr 24, 2018.
             Quit the game on level 2 of the Dungeon.
             The game lasted 00:01:36 (1231 turns).

Kairos the Covered (Deep Dwarf Fighter)             Turns: 1231, Time: 00:01:37

Health: 16/33      AC:  7    Str: 19    XL:     3   Next: 7%
Magic:  3/3        EV:  7    Int:  8    God:
Gold:   68         SH:  9    Dex: 13    Spells: 2/2 levels left

rFire    . . .     SeeInvis .   a - +0 war axe
rCold    . . .     Gourm    .   c - +0 shield
rNeg     . . .     Faith    .   b - +0 scale mail
rPois    .         Spirit   .   (no helmet)
rElec    .         Reflect  .   (no cloak)
rCorr    .         Harm     .   (no gloves)
MR       .....                  (no boots)
Stlth    ..........             (no amulet)
HPRegen  0.00/turn              (no ring)
MPRegen  0.08/turn              (no ring)

@: non-regenerating
A: damage resistance, heal wounds, sense surroundings 1, no regeneration
a: Heal Wounds


You were on level 2 of the Dungeon.
You were very hungry.

You visited 1 branch of the dungeon, and saw 2 of its levels.

You collected 68 gold pieces.

Inventory:

Hand Weapons
 a - a +0 war axe (weapon)
Missiles
 g - 10 tomahawks (quivered)
Armour
 b - a +0 scale mail (worn)
 c - a +0 shield (worn)
Scrolls
 e - a scroll of fog {unknown}
 h - a scroll of enchant weapon {unknown}
 j - 6 scrolls of teleportation {unknown}
 m - a scroll of amnesia {unknown}
 q - a scroll of identify {unknown}
Potions
 d - a potion of might
 i - 3 potions of mutation {unknown}
 k - a potion of haste {unknown}
 l - a potion of curing {unknown}
 n - 2 potions of lignification {unknown}
 o - a potion of resistance {unknown}
 p - a potion of invisibility {unknown}
Comestibles
 f - 5 rations


   Skills:
 + Level 2.9 Fighting
 + Level 2.5 Axes
 + Level 0.1 Throwing
 + Level 3.8 Armour
 + Level 0.2 Dodging
 + Level 3.6 Shields


You had 2 spell levels left.
You didn't know any spells.

Dungeon Overview and Level Annotations

Branches:
Dungeon (2/15)

Altars:
Qazlal


Innate Abilities, Weirdness & Mutations

You are resistant to damage.
You can heal yourself by infusing magical energy.
You passively map a small area around you.
You do not regenerate.


Message History

Found a stone staircase leading down.
q - a scroll labeled ZADWOROUVIG A quokka comes into view.
A frilled lizard comes into view.
The frilled lizard hisses angrily.
You are too injured to fight recklessly!
You block the frilled lizard's attack.
You are too injured to fight recklessly!
You are too injured to fight recklessly!
You are too injured to fight recklessly!
You are too injured to fight recklessly!
You slash the quokka!
You kill the quokka!
You closely miss the frilled lizard. You block the frilled lizard's attack.
The frilled lizard bites you but does no damage.
You hit the frilled lizard.
You kill the frilled lizard!
There is a stone staircase leading down, spattered with blood here.
Found a chain mail.
Are you sure you want to abandon this character and quit the game? (Confirm with "yes".)

#######
#[....################# ,
#.............#.......#
*#.............#.......# ,
#.............#.......#
#........@(...#.......#
,#.....#####...........####
##.........+...............
,#......#####...........#...
#.#.####.# #.....#....)....
#........#####.....#.#####...
#.......>............... #...
#........#.........#.##. #...
#......#.#....#####.... #...


There were no monsters in sight!

Vanquished Creatures
  An ooze (D:1)
  A worm (D:2)
  A leopard gecko (D:2)
  2 giant cockroaches (D:1)
  2 hobgoblins
  3 jackals (D:1)
  3 kobolds
  A quokka (D:2)
  2 bats (D:1)
  3 frilled lizards
  2 goblins (D:2)
  2 rats (D:1)
23 creatures vanquished.

Notes
Turn   | Place    | Note
-------+----------+-------------------------------------------
     0 | D:1      | Kairos the Deep Dwarf Fighter began the quest for the Orb.
     0 | D:1      | Reached XP level 1. HP: 20/20 MP: 1/1
    99 | D:1      | Reached XP level 2. HP: 21/27 MP: 2/2
   898 | D:2      | Found a stormy altar of Qazlal.
  1197 | D:2      | Reached XP level 3. HP: 16/33 MP: 3/3
  1231 | D:2      | Quit the game

Action                   || total
-------------------------++-------
Melee: War axe           ||    77
Throw: Tomahawk          ||    22
Armor: Scale mail        ||    38
Dodge: Dodged            ||    13
Block: Shield            ||    47
